 Dungeon Crawl Stone Soup version 0.31-a0-246-g8cbcc1cb85 (webtiles) character file.

Game seed: 10683385437967813008

13995 qw the Marksminotaur (level 11, -4/99 HPs)
             Began as a Minotaur Hexslinger on July 12, 2023.
             Was an Elder of Okawaru.
             Slain by a yak (13 damage)
             ... on level 1 of the Lair of Beasts.
             The game lasted 00:04:38 (9966 turns).

qw the Marksminotaur (Minotaur Hexslinger)          Turns: 9966, Time: 00:04:39

Health: -4/99      AC:  8    Str:  9    XL:     11   Next: 82%
Magic:  13/14      EV: 18    Int: 10    God:    Okawaru [****..]
Gold:   503        SH:  5    Dex: 17    Spells: 11/12 levels left

rFire   + . .        Y - +3 orcbow (flame)
rCold   . . .        (shield currently unavailable)
rNeg    + . .        m - +0 troll leather armour
rPois   .            (helmet restricted)
rElec   +            a - scarf {repulsion}
rCorr   .            (no gloves)
SInv    .            d - +1 pair of boots
Will    .....        c - amulet of reflection
Stlth   +++          f - ring of protection from fire
HPRegen 1.16/turn    n - ring of Devotion {Fly rElec rN+ Str-4}
MPRegen 0.14/turn

%: repel missiles, reflection
@: about to teleport, heroic, flying
A: horns 2, retaliatory headbutt
a: Renounce Religion, Heroism, Finesse


You were on level 1 of the Lair of Beasts.
You worshipped Okawaru.
Okawaru was greatly pleased with you.
You visited 2 branches of the dungeon, and saw 11 of its levels.

You collected 575 gold pieces.
You spent 72 gold pieces at shops.


Innate Abilities, Weirdness & Mutations

You have a pair of horns on your head.
You reflexively headbutt those who attack you in melee.


   Skills:
 - Level 10.1(15.1) Fighting
 + Level 15.7(20.7) Ranged Weapons
 - Level 5.4(10.4) Armour
 - Level 7.0(12.0) Dodging
 - Level 1.0 Spellcasting
 - Level 2.0 Hexes
 + Level 5.6 Invocations


You had 11 spell levels left.
You knew the following spells:

 Your Spells              Type           Power      Damage    Failure   Level
a - Slow                  Hex            16%        N/A       19%         1

Your spell library contained the following spells:

 Spells                   Type           Power      Damage    Failure   Level
 Inner Flame              Hex/Fire       2%         N/A       65%         3
 Portal Projectile        Hex/Tloc       4%         N/A       65%         3
 Cause Fear               Hex            2%         N/A       88%         4

Inventory:

Hand Weapons
 Y - a +3 orcbow of flaming (weapon)
Armour
 a - a scarf of repulsion (worn)
 d - a +1 pair of boots (worn)
 j - a +0 cloak
 m - a +0 troll leather armour (worn)
Jewellery
 c - an amulet of reflection (around neck)
 f - a ring of protection from fire (left hand)
 n - the ring of Devotion (right hand) {Fly rElec rN+ Str-4}
   (You found it on level 4 of the Dungeon)

   [ring of positive energy]

   Str:       It affects your strength (-4).
   rElec:     It insulates you from electricity.
   rN:        It protects you from negative energy.
   Fly:       It grants you flight.
 o - a ring of fire
Scrolls
 b - 4 scrolls of identify
 e - 3 scrolls of teleportation
Potions
 g - 2 potions of mutation
 h - a potion of enlightenment
 k - a potion of curing
 l - 2 potions of haste
 p - a potion of heal wounds

Dungeon Overview and Level Annotations

Branches:
Dungeon (10/15)            Temple (0/1) D:7            Lair (1/5) D:10
    Orc (0/2) D:10

Altars:
Ashenzari
Gozag
Kikubaaqudgha
Nemelex Xobeh
Okawaru
Vehumet
Wu Jian
Yredelemnul
Zin
The Shining One

Shops:
D:2 (*[*   D:4 (   D:8 (   D:9 :


Message History

The cane toad stings you but does no damage.
You shoot an arrow. The arrow hits the yak.
The arrow burns the yak.
The yak is heavily wounded.
The cane toad stings you! The yak misses you. The yak gores you.
The yak gores you but does no damage. The yak gores you!
You shoot an arrow.
The arrow hits the yak but does no damage.
The yak is heavily wounded.
The cane toad closely misses you. The yak barely misses you.
The yak gores you but does no damage. The yak completely misses you.
You block the yak's attack.
You shoot an arrow. The arrow hits the yak!
The arrow burns the yak.
You kill the yak!
Okawaru accepts your kill. You block the cane toad's attack. The yak gores you!
You block the yak's attack. The yak barely misses you.
You shoot an arrow.
The arrow hits the yak but does no damage.
The yak is moderately wounded.
You block the cane toad's attack.
You shoot an arrow. The arrow hits the yak.
The arrow burns the yak.
The yak is heavily wounded.
The yak gores you! You block the yak's attack. The yak closely misses you.
You shoot an arrow.
The arrow hits the yak but does no damage.
The yak is heavily wounded.
The cane toad misses you. The yak closely misses you. You furiously retaliate!
You headbutt the yak!
The yak gores you but does no damage. x2
You shoot an arrow.
The arrow hits the yak but does no damage.
The yak is severely wounded.
The cane toad barely misses you. You furiously retaliate!
You headbutt the cane toad.
The yak gores you! x2; The yak closely misses you.
You furiously retaliate!
You headbutt the yak, but do no damage.
9966 ||| READING 4 scrolls of teleportation.
As you read the scroll of teleportation, it crumbles to dust.
You feel strangely unstable.
The cane toad stings you but does no damage.
You block the yak's attack. The yak gores you!
You die...

#...........P...........
#....##.##................
.....#######...~..........
.....# #..~~~.........
...... #..~~..#...###. ~
#..7~P.#....... ##
#..PP.........#
...###F###......#.......
......Y@........#......#
......YY..........#+####
........................
7.......................
7#.###P################# #
##


You could see 3 yaks and a cane toad.

Vanquished Creatures
  Harold (D:10)
  A boulder beetle (D:9)
  Pikel (D:7)
  4 elephants (Lair:1)
  3 cane toads (Lair:1)
  A komodo dragon (D:10)
  3 trolls
  A hornet (shapeshifter) (D:8)
  A shadow (D:10)
  A slime creature (D:8)
  2 wyverns
  A vampire mosquito (D:8)
  17 yaks
  An acid dragon (D:8)
  6 water moccasins
  2 ice beasts
  13 orc warriors
  4 black bears
  4 ogres
  5 centaurs
  A lemure (D:7)
  2 kobold brigands
  2 bullfrogs
  3 gnoll sergeants (D:10)
  2 scorpions
  13 wights
  4 killer bees (D:7)
  3 electric eels (D:9)
  4 howler monkeys
  4 jellies
  2 hounds
  3 orc priests
  4 iguanas
  Natasha (thrice) (D:4)
  8 orc wizards
  13 gnolls
  7 adders
  A white imp (D:7)
  An ufetubus (D:5)
  4 dart slugs
  49 orcs
  7 ball pythons
  7 bats
  6 endoplasms
  4 giant cockroaches
  7 goblins
  8 hobgoblins
  2 quokkas (D:3)
  3 frilled lizards
  11 kobolds
260 creatures vanquished.

Notes
Turn   | Place    | Note
-------+----------+-------------------------------------------
     0 | D:1      | qw the Minotaur Hexslinger began the quest for the Orb.
     0 | D:1      | Reached XP level 1. HP: 16/16 MP: 1/1
     0 | D:1      | 0 ||| qw: Version: 0.3-a-52-g30416fa
     0 | D:1      | 0 ||| qw: Game counter: 6357
     0 | D:1      | 0 ||| qw: Melee chars always use a shield: true
     0 | D:1      | 0 ||| qw: God list: Okawaru
     0 | D:1      | 0 ||| qw: Allow faded altars: false
     0 | D:1      | 0 ||| qw: Do Orc after clearing Dungeon:15 true
     0 | D:1      | 0 ||| qw: Do second Lair branch before Depths: true
     0 | D:1      | 0 ||| qw: Lair rune preference: random
     0 | D:1      | 0 ||| qw: Goals: Normal
     0 | D:1      | 0 ||| PLANNING D:1-11
   131 | D:1      | Found a faded altar of an unknown god.
   144 | D:1      | Reached skill level 3 in Ranged Weapons
   144 | D:1      | Reached XP level 2. HP: 23/23 MP: 2/2
   772 | D:1      | 772 ||| UPGRADING to +1 pair of boots.
   777 | D:1      | 777 ||| UPGRADING to +0 leather armour.
   787 | D:1      | 787 ||| DROPPING +0 robe.
   788 | D:1      | 788 ||| READING scroll labelled WEHENIOPOO.
   789 | D:1      | 789 ||| DROPPING scroll of poison.
  1080 | D:2      | Found Zykod's Assorted Antiques.
  1084 | D:2      | 1084 ||| BUYING cyan potion (23 gold).
  1084 | D:2      | Bought a cyan potion for 23 gold pieces
  1084 | D:2      | 1084 ||| BUYING glowing yellow potion (23 gold).
  1084 | D:2      | Bought a glowing yellow potion for 23 gold pieces
  1084 | D:2      | 1084 ||| SHOPLISTING jewelled ring mail (234 gold, have
                  | 31).
  1084 | D:2      | 1084 ||| BUYING scroll labelled CORRUG MUKLUABLA (26 gold).
  1084 | D:2      | Bought a scroll labelled CORRUG MUKLUABLA for 26 gold
                  | pieces
  1084 | D:2      | 1084 ||| SHOPLISTING scroll labelled WIKHEU RIHUAG (26
                  | gold, have 5).
  1084 | D:2      | 1084 ||| SHOPLISTING sedimented yellow potion (23 gold,
                  | have 5).
  1084 | D:2      | 1084 ||| SHOPLISTING twisted ivory ring (130 gold, have 5).
  1133 | D:2      | Reached XP level 3. HP: 27/29 MP: 3/3
  1161 | D:2      | Found Sizigez's Antique Armour Shoppe.
  1166 | D:2      | 1166 ||| SHOPLISTING pair of embroidered boots (210 gold,
                  | have 15).
  1373 | D:2      | Found Viefy's Weapon Shoppe.
  1394 | D:2      | Found Wupad's Assorted Antiques.
  1401 | D:2      | 1401 ||| SHOPLISTING amethyst potion (26 gold, have 15).
  1401 | D:2      | 1401 ||| SHOPLISTING cyan potion (26 gold, have 15).
  1401 | D:2      | 1401 ||| SHOPLISTING embroidered cloak (217 gold, have 15).
  1401 | D:2      | 1401 ||| SHOPLISTING metallic ruby potion (26 gold, have
                  | 15).
  1401 | D:2      | 1401 ||| SHOPLISTING runed leather armour (145 gold, have
                  | 15).
  1401 | D:2      | 1401 ||| SHOPLISTING scroll labelled CORRUG MUKLUABLA (29
                  | gold, have 15).
  1401 | D:2      | 1401 ||| SHOPLISTING scroll labelled WYUKAPL LENEAPN (29
                  | gold, have 15).
  1435 | D:2      | Found an iron altar of Okawaru.
  1436 | D:2      | 1436 ||| PLANNING OKAWARU WORSHIP
  1436 | D:2      | 1436 ||| UPGRADING to +0 ring mail.
  1446 | D:2      | 1446 ||| DROPPING +0 leather armour.
  1447 | D:2      | 1447 ||| UPGRADING to +0 cloak.
  1452 | D:2      | 1452 ||| DROPPING ring of magical power.
  1453 | D:2      | 1453 ||| READING scroll labelled YNIARCH QOANT.
  1454 | D:2      | 1454 ||| READING 3 scrolls labelled CORRUG MUKLUABLA.
  1457 | D:2      | 1457 ||| READING scroll labelled HEEF LUT JEIDOT.
  1458 | D:2      | 1458 ||| DRINKING 2 bubbling blue potions.
  1497 | D:2      | Became a worshipper of Warmaster Okawaru
  1498 | D:2      | 1498 ||| PLANNING D:1-11
  1506 | D:2      | 1506 ||| READING scroll labelled YTOGUC OKLUFE.
  1507 | D:2      | 1507 ||| DRINKING 2 glowing yellow potions.
  1776 | D:3      | Reached skill level 1 in Armour
  1843 | D:3      | Reached skill level 4 in Ranged Weapons
  1849 | D:3      | Found a radiant altar of Vehumet.
  1862 | D:3      | Reached XP level 4. HP: 36/36 MP: 4/4
  2260 | D:3      | 2260 ||| READING scroll labelled QOGOZA AZEMIE.
  2261 | D:3      | 2261 ||| DRINKING 2 sapphire potions.
  2262 | D:3      | 2262 ||| READING 2 scrolls of identify.
  2262 | D:3      | 2262 ||| IDENTIFYING clear potion
  2263 | D:3      | 2263 ||| DROPPING potion of attraction.
  2535 | D:4      | Reached skill level 5 in Ranged Weapons
  2696 | D:4      | Found Itywusee's Antique Weapon Boutique.
  2696 | D:4      | Noticed a black bear
  2713 | D:4      | Killed a black bear
  2713 | D:4      | Reached * piety under Okawaru
  2714 | D:4      | Reached XP level 5. HP: 13/47 MP: 5/5
  2880 | D:4      | Noticed Natasha
  2881 | D:4      | 2881 ||| INVOKING Heroism.
  2885 | D:4      | Killed Natasha
  2904 | D:4      | Found an iron altar of Okawaru.
  2905 | D:4      | Found a glowing golden altar of the Shining One.
  2905 | D:4      | Found a broken altar of Ashenzari.
  2906 | D:4      | Found an ornate altar of the Wu Jian Council.
  2931 | D:4      | Noticed Natasha
  2938 | D:4      | Killed Natasha
  2939 | D:4      | Reached XP level 6. HP: 53/53 MP: 6/6
  3118 | D:4      | Reached skill level 1 in Invocations
  3138 | D:4      | Identified the ring of Devotion {Fly rElec rN+ Str-4}
  3182 | D:4      | Noticed Natasha
  3183 | D:4      | 3183 ||| INVOKING Heroism.
  3184 | D:4      | 3184 ||| INVOKING Heroism.
  3185 | D:4      | 3185 ||| INVOKING Heroism.
  3189 | D:4      | Killed Natasha
  3224 | D:4      | 3224 ||| UPGRADING to ring of protection from fire.
  3225 | D:4      | 3225 ||| UPGRADING to ring of Devotion {Fly rElec rN+
                  | Str-4}.
  3226 | D:4      | 3226 ||| READING scroll labelled POPUEV KAICE.
  3303 | D:4      | 3303 ||| READING scroll labelled WOMNAV VICIE.
  3304 | D:4      | 3304 ||| DRINKING 2 cyan potions.
  3305 | D:4      | 3305 ||| READING 2 scrolls of identify.
  3305 | D:4      | 3305 ||| IDENTIFYING black potion
  3328 | D:5      | Entered Level 5 of the Dungeon
  3349 | D:5      | Identified the +5 whip "Ruit" {freeze, Int+4 Stlth+}
  3361 | D:5      | 3361 ||| INVOKING Heroism.
  3366 | D:5      | Reached skill level 6 in Ranged Weapons
  3598 | D:5      | Noticed a water moccasin
  3606 | D:5      | 3606 ||| INVOKING Heroism.
  3612 | D:5      | Killed a water moccasin
  3613 | D:5      | Reached skill level 7 in Ranged Weapons
  3613 | D:5      | Reached XP level 7. HP: 29/60 MP: 4/7
  3833 | D:5      | 3833 ||| INVOKING Heroism.
  3856 | D:5      | 3856 ||| INVOKING Heroism.
  3985 | D:5      | 3985 ||| INVOKING Heroism.
  4339 | D:5      | 4339 ||| INVOKING Heroism.
  4403 | D:5      | Reached skill level 8 in Ranged Weapons
  4753 | D:5      | 4753 ||| READING scroll labelled WYUKAPL LENEAPN.
  4754 | D:5      | 4754 ||| READING scroll labelled ESTROI SOZIRPH.
  4755 | D:5      | 4755 ||| READING 2 scrolls of identify.
  4755 | D:5      | 4755 ||| IDENTIFYING murky inky potion
  4756 | D:5      | 4756 ||| DROPPING potion of ambrosia.
  4774 | D:6      | Noticed a purple ugly thing
  4779 | D:6      | 4779 ||| STAIRDANCE
  4786 | D:5      | HP: 15/61 [purple ugly thing (7)]
  4787 | D:5      | 4787 ||| READING 4 scrolls of teleportation.
  4788 | D:5      | 4788 ||| DRINKING potion of heal wounds.
  4939 | D:6      | Reached XP level 8. HP: 63/68 MP: 8/8
  4939 | D:6      | 4939 ||| INVOKING Heroism.
  4971 | D:6      | Reached skill level 9 in Ranged Weapons
  4995 | D:6      | 4995 ||| SWAPPING to +3 shortbow.
  4996 | D:6      | 4996 ||| DROPPING +1 sling of draining.
  5005 | D:6      | 5005 ||| INVOKING Heroism.
  5018 | D:6      | Reached skill level 6 in Fighting
  5211 | D:6      | Found a sparkling altar of Nemelex Xobeh.
  5211 | D:6      | Found an opulent altar of Gozag.
  5317 | D:6      | Reached skill level 3 in Invocations
  5514 | D:6      | 5514 ||| UPGRADING to amulet of regeneration.
  5519 | D:6      | 5519 ||| READING scroll labelled LADIGR MOTT.
  5520 | D:6      | 5520 ||| READING scroll labelled WAOXOK UCOKHLA.
  5521 | D:6      | 5521 ||| READING scroll labelled IKATOGG AMMEA.
  5548 | D:7      | 5548 ||| Stepping ~*~*~tactically~*~*~ (outnumbered).
  5550 | D:7      | 5550 ||| Stepping ~*~*~tactically~*~*~ (outnumbered).
  5560 | D:7      | 5560 ||| FLEEEEING.
  5561 | D:7      | 5561 ||| FLEEEEING.
  5562 | D:7      | 5562 ||| FLEEEEING.
  5563 | D:7      | 5563 ||| STAIRDANCE
  5591 | D:7      | Found a staircase to the Ecumenical Temple.
  5599 | D:7      | 5599 ||| INVOKING Heroism.
  5744 | D:7      | Found a basalt altar of Yredelemnul.
  5754 | D:7      | Reached skill level 10 in Ranged Weapons
  5754 | D:7      | 5754 ||| FLEEEEING.
  5755 | D:7      | 5755 ||| FLEEEEING.
  5802 | D:7      | Reached skill level 3 in Dodging
  5811 | D:7      | Reached skill level 3 in Armour
  5811 | D:7      | Reached XP level 9. HP: 72/75 MP: 11/11
  5973 | D:7      | 5973 ||| INVOKING Heroism.
  5991 | D:7      | Reached ** piety under Okawaru
  6124 | D:7      | 6124 ||| SWAPPING to +2 orcbow of flaming.
  6125 | D:7      | 6125 ||| DROPPING +3 shortbow.
  6198 | D:7      | 6198 ||| INVOKING Heroism.
  6279 | D:7      | 6279 ||| INVOKING Heroism.
  6281 | D:7      | Reached skill level 11 in Ranged Weapons
  6421 | D:7      | Noticed Pikel
  6422 | D:7      | 6422 ||| INVOKING Heroism.
  6430 | D:7      | Killed Pikel
  6614 | D:7      | 6614 ||| UPGRADING to scarf of repulsion.
  6657 | D:8      | 6657 ||| INVOKING Heroism.
  6754 | D:8      | Noticed a queen bee
  6757 | D:8      | 6757 ||| READING scroll labelled WIKHEU RIHUAG.
  6758 | D:8      | 6758 ||| READING 2 scrolls of identify.
  6758 | D:8      | 6758 ||| IDENTIFYING metallic coppery potion
  6762 | D:8      | 6762 ||| INVOKING Heroism.
  6763 | D:8      | a queen bee changed into a human
  6787 | D:8      | 6787 ||| DROPPING potion of lignification.
  6800 | D:8      | a hog changed into a meliai
  6800 | D:8      | Noticed a meliai (shapeshifter)
  6842 | D:8      | Reached skill level 12 in Ranged Weapons
  6842 | D:8      | 6842 ||| INVOKING Heroism.
  6859 | D:8      | Reached XP level 10. HP: 72/86 MP: 10/12
  7210 | D:8      | 7210 ||| INVOKING Heroism.
  7348 | D:8      | Found Xifaehof's Weapon Shop.
  7486 | D:8      | 7486 ||| READING scroll labelled VIPAHAEQONN.
  7486 | D:8      | Identified a scroll of acquirement
  7486 | D:8      | 7486 ||| ACQUIRING amulet of reflection
  7486 | D:8      | Acquired an amulet of reflection
  7488 | D:8      | 7488 ||| UPGRADING to amulet of reflection.
  7498 | D:8      | 7498 ||| DROPPING amulet of regeneration.
  7549 | D:9      | 7549 ||| INVOKING Heroism.
  7595 | D:9      | 7595 ||| INVOKING Heroism.
  7729 | D:9      | 7729 ||| INVOKING Heroism.
  7732 | D:9      | Reached skill level 13 in Ranged Weapons
  7741 | D:9      | Reached *** piety under Okawaru
  8013 | D:9      | Reached skill level 9 in Fighting
  8019 | D:9      | Found Kymofiph's Tiny Tomes.
  8115 | D:9      | Noticed a boulder beetle
  8116 | D:9      | 8116 ||| INVOKING Heroism.
  8140 | D:9      | Killed a boulder beetle
  8514 | D:9      | 8514 ||| UPGRADING to +0 troll leather armour.
  8524 | D:9      | 8524 ||| DROPPING +0 ring mail.
  8552 | D:10     | Entered Level 10 of the Dungeon
  8562 | D:10     | Reached skill level 6 in Dodging
  8569 | D:10     | Found an ancient bone altar of Kikubaaqudgha.
  8592 | D:10     | 8592 ||| INVOKING Heroism.
  8736 | D:10     | Noticed Harold
  8737 | D:10     | 8737 ||| INVOKING Heroism.
  8749 | D:10     | Killed Harold
  8905 | D:10     | Found a staircase to the Lair.
  8907 | D:10     | 8907 ||| INVOKING Heroism.
  8913 | D:10     | Reached skill level 14 in Ranged Weapons
  8913 | D:10     | Reached XP level 11. HP: 97/97 MP: 10/13
  8962 | D:10     | 8962 ||| INVOKING Heroism.
  9027 | D:10     | 9027 ||| INVOKING Heroism.
  9050 | D:10     | Found a glowing silver altar of Zin.
  9111 | D:10     | Found a staircase to the Orcish Mines.
  9112 | D:10     | 9112 ||| Stepping ~*~*~tactically~*~*~ (outnumbered).
  9113 | D:10     | 9113 ||| INVOKING Heroism.
  9114 | D:10     | 9114 ||| Stepping ~*~*~tactically~*~*~ (outnumbered).
  9145 | D:10     | Reached **** piety under Okawaru
  9149 | D:10     | 9149 ||| INVOKING Heroism.
  9172 | D:10     | 9172 ||| INVOKING Heroism.
  9517 | D:10     | 9517 ||| PLANNING LAIR
  9517 | D:10     | 9517 ||| READING scroll labelled YSAIQA ADUXT.
  9518 | D:10     | 9518 ||| READING 4 scrolls of identify.
  9518 | D:10     | 9518 ||| IDENTIFYING ruby potion
  9519 | D:10     | 9519 ||| DROPPING potion of degeneration.
  9528 | Lair:1   | Entered Level 1 of the Lair of Beasts
  9544 | Lair:1   | 9544 ||| INVOKING Heroism.
  9660 | Lair:1   | 9660 ||| INVOKING Heroism.
  9671 | Lair:1   | Reached skill level 15 in Ranged Weapons
  9703 | Lair:1   | 9703 ||| INVOKING Heroism.
  9727 | Lair:1   | 9727 ||| INVOKING Heroism.
  9808 | Lair:1   | 9808 ||| INVOKING Heroism.
  9880 | Lair:1   | 9880 ||| INVOKING Heroism.
  9943 | Lair:1   | 9943 ||| INVOKING Heroism.
  9965 | Lair:1   | HP: 22/99 [yak (12)]
  9965 | Lair:1   | HP: 8/99 [yak (14)]
  9966 | Lair:1   | 9966 ||| READING 4 scrolls of teleportation.
  9966 | Lair:1   | Slain by a yak

Levels and vault maps discovered:
D:1:      minmay_arrival_solitary_statue, layout_basic,
          ebering_ecumenical_altar_hall, st_stairs_1, dk_noncrumbling_3,
          minmay_misc_feat_four_crosses
D:2:      layout_basic, serial_shops, shop, shop, nicolae_shop_back_alley_shop,
          shop, basic_altar, minmay_bisected
D:3:      layout_loops_ring, mainiacjoe_overflow_boulevard, serial_aquarium,
          aquarium_bridge_long_joined [aquarium_subvault_wall,
          aquarium_subvault_wall, aquarium_subvault_bridge,
          aquarium_subvault_bridge, aquarium_subvault_bridge,
          aquarium_subvault_bridge], aquarium_bridge_square
          [aquarium_subvault_wall, aquarium_subvault_wall,
          aquarium_subvault_bridge, aquarium_subvault_bridge],
          aquarium_window_fake, aquarium_window_1, aquarium_window_2,
          aquarium_view_2e, aquarium_balcony_3a, aquarium_pool_corner
D:4:      minmay_octagon_keep, layout_basic,
          chequers_temple_overflow_statue_of_worship, serial_shops,
          nicolae_shop_stone, uniq_natasha
D:5:      layout_basic
D:6:      layout_rooms, grunt_temple_overflow_opulence, minmay_misc_feat_doors
D:7:      layout_loops_corners, mainiacjoe_overflow_concentric_impassable,
          minmay_temple_entry_antechambers, uniq_pikel
D:8:      layout_basic, serial_shops, nicolae_lakefront_shop, kb_rosetta
D:9:      layout_irregular_city, nicolae_shop_i_like_small_books_too,
          chequers_big_river
D:10:     layout_basic, nicolae_kikubaaqudgha_miasma_corner, lemuel_round_altar,
          david_lair_shrubbed, kennysheep_orc_monster_closet_entryway,
          uniq_harold
Lair:1:   layout_chaotic_city, serial_bayou, serial_bayou_shore_a,
          serial_bayou_pond_a, serial_bayou_pond_e, serial_bayou_pond_d,
          infiniplex_staircase_pool_2, lemuel_fruit_fields, lemuel_fruit_fields,
          uniq_erica

Skill      XL: |  1  2  3  4  5  6  7  8  9 10 11 |
---------------+----------------------------------+-----
Ranged Weapons | 3 4 5 7 8 10 12 14 15 | 15.7
Fighting       | 2 4 5 6 7 9 10 | 10.1
Armour         | 1 2 3 5 |  5.4
Invocations    | 1 2 4 5 |  5.6
Dodging        | 3 5 6 7 |  7.0
Spellcasting   | |  1.0
Hexes          | |  2.0

Action                     |  1- 3 |  4- 6 |  7- 9 | 10-12 || total
---------------------------+-------+-------+-------+-------++-------
   Fire: Sling             |   100 |   199 |   126 |       ||   425
         Shortbow          |       |       |   125 |       ||   125
         Orcbow            |       |       |   107 |   394 ||   501
 Invoke: Heroism           |       |     4 |    14 |    20 ||    38
    Use: Scroll            |     5 |     5 |     9 |     4 ||    23
         Potion            |     2 |     2 |     1 |       ||     5
 Armour: Leather armour    |     3 |       |       |       ||     3
         Ring mail         |    14 |    54 |    48 |     9 ||   125
         Troll leather arm |       |       |       |    23 ||    23
  Dodge: Dodged            |    16 |    85 |   110 |   148 ||   359
         Repelled          |       |       |     1 |     2 ||     3
  Block: Other             |       |       |       |    28 ||    28
         Reflection        |       |       |       |     2 ||     2

Table legend:
 A = Non-vault XP
 B = Vault XP
 C = Vault XP percentage of total XP
 D = Non-vault monster count
 E = Vault monster count
 F = Vault count percentage of total count
                 A         B        C        D         E       F
            +---------+---------+-------+---------+---------+-------
      Total |   15559 |    4434 |  22.2 |     216 |      43 |  16.6
            +---------+---------+-------+---------+---------+-------
        D:1 |      26 |       4 |  13.3 |      14 |       2 |  12.5
        D:2 |      12 |       5 |  29.4 |       5 |       2 |  28.6
        D:3 |      74 |       0 |   0.0 |      21 |       0 |   0.0
        D:4 |     310 |      68 |  18.0 |      21 |      12 |  36.4
        D:5 |     878 |       0 |   0.0 |      26 |       0 |   0.0
        D:6 |     849 |       0 |   0.0 |      10 |       0 |   0.0
        D:7 |    1837 |     617 |  25.1 |      34 |       1 |   2.9
        D:8 |     884 |     846 |  48.9 |      25 |       4 |  13.8
        D:9 |    2465 |       0 |   0.0 |      18 |       0 |   0.0
       D:10 |    1785 |    2894 |  61.9 |      18 |      22 |  55.0
     Lair:1 |    6439 |       0 |   0.0 |      24 |       0 |   0.0
            +---------+---------+-------+---------+---------+-------
